 Dungeon Crawl Stone Soup version 0.15.2 (webtiles) character file.

72 Jard the Firebug (level 4, -13/24 HPs)
             Began as a Kobold Fire Elementalist on Jan 6, 2015.
             Killed from afar by an adder (37 damage)
             ... with an exploding inner flame
             ... hexed by the player character
             ... on Level 2 of the Dungeon.
             The game lasted 00:13:39 (2324 turns).

Jard the Firebug (Kobold Fire Elementalist)         Turns: 2324, Time: 00:13:39

HP -13/24        AC  4     Str  8      XL: 4   Next: 50%
MP   1/8         EV 15     Int 14      God:
Gold 108         SH  0     Dex 16      Spells:  3 memorised,  2 levels left

rFire  . . .     SeeInvis .     f - +0 spear
rCold  . . .     Clarity  .     a - +0 robe
rNeg   . . .     rCorr    .     (no shield)
rPois  +         rRot     .     (no helmet)
rElec  .         Spirit   .     d - +1 cloak {rPois}
SustAb .         Warding  .     (no gloves)
rMut   .         Stasis   .     (no boots)
Gourm  .                        (no amulet)
MR     .....                    q - ring of wizardry
                                k - +2 ring of strength

@: very slightly contaminated, not resistant to hostile enchantments, fairly
stealthy
A: carnivore 3
a: no special abilities


You were on level 2 of the Dungeon.
You were very full.

You visited 1 branch of the dungeon, and saw 2 of its levels.

You collected 108 gold pieces.

Inventory:

Hand weapons
 f - a +0 spear (weapon)
Missiles
 r - 19 poisoned needles
Armour
 a - a +0 robe (worn)
 d - a +1 cloak of poison resistance (worn)
 n - a cursed +0 ring mail
Comestibles
 c - a meat ration
 j - a beef jerky
 o - 3 rotting chunks of jackal flesh
 p - a rotting chunk of adder flesh
Scrolls
 s - a scroll of fog {unknown}
Jewellery
 k - a +2 ring of strength (left hand)
 m - an uncursed ring of see invisible
 q - a ring of wizardry (right hand)
Potions
 e - 2 potions of heal wounds {unknown}
 h - 3 potions of haste
 l - a potion of cure mutation {unknown}
Books
 b - a book of Flames

   Spells                             Type                      Level
   *Flame Tongue                      Conjuration/Fire             1
   *Throw Flame                       Conjuration/Fire             2
   *Conjure Flame                     Conjuration/Fire             3
   Inner Flame                        Hexes/Fire                   3
   Sticky Flame                       Conjuration/Fire             4
   Fireball                           Conjuration/Fire             5


   Skills:
 - Level 2.4 Dodging
 - Level 3.2 Stealth
 * Level 2.7 Spellcasting
 * Level 1.6 Conjurations
 * Level 3.9 Fire Magic


You had 2 spell levels left.
You knew the following spells:

 Your Spells              Type           Power        Failure   Level  Hunger
a - Flame Tongue          Conj/Fire      #....        4%          1    #......
b - Conjure Flame         Conj/Fire      #.......     10%         3    ####...
c - Throw Flame           Conj/Fire      #.....       6%          2    ##.....


Dungeon Overview and Level Annotations

Branches:
Dungeon (2/15)

Altars:
Xom


Innate Abilities, Weirdness & Mutations

You are small and have problems with some larger weapons.
You are carnivorous and can eat meat at any time.


Message History

The adder is severely wounded.
Casting: Throw Flame
Confirm with . or Enter, or press ? or * to list all spells.
Aiming: Flame Tongue
Press: ? - help, Shift-Dir - straight line, f/p - adder
Aim: an adder (severely wounded, inner flame)
Okay, then.
The adder barely misses you. The adder closely misses you.
The adder closely misses you.
Casting: Flame Tongue
Confirm with . or Enter, or press ? or * to list all spells.
Aiming: Flame Tongue
Press: ? - help, Shift-Dir - straight line, f/p - adder
Aim: an adder (severely wounded, inner flame)
The flame tongue hits the adder.
The adder explodes!
The fiery explosion engulfs you!
Ouch! That really hurt!
You die...

.#.# #.#..............######## #
.#.####.#>....................###
.#.#....#........................
.#.#.#####............(....##..##
.#.#.# #######..^^...#######.##
.#.#.###########.^_^...#######.##
.#...............^.^.............
<..#.###.............#########..#
.#.#.<.........§@§.### ##.#
.#.#.###.....).§§§.# #..
.#.#.......?...§§§.# ##.
.#.................# #(
.#######.......(...# #.
...................# ##
########...........##############
#...............#.........
#####...........#.........


There were no monsters in sight!

Vanquished Creatures
  4 adders (D:2)
  An ooze (D:1)
  4 hobgoblins
  4 jackals (D:2)
  2 kobolds (D:1)
  A ball python (D:2)
  4 bats
  A giant cockroach (D:1)
  A giant gecko (D:2)
  11 giant newts
  3 goblins
  7 rats
43 creatures vanquished.

Notes
Turn   | Place    | Note
--------------------------------------------------------------
     0 | D:1      | Jard, the Kobold Fire Elementalist, began the quest for the Orb.
     0 | D:1      | Reached XP level 1. HP: 10/10 MP: 3/3
   524 | D:1      | Reached XP level 2. HP: 10/15 MP: 1/4
  1385 | D:1      | Reached XP level 3. HP: 12/19 MP: 1/6
  1570 | D:2      | Reached skill level 1 in Conjurations
  1744 | D:2      | Learned a level 3 spell: Conjure Flame
  1840 | D:2      | Learned a level 2 spell: Throw Flame
  1856 | D:2      | Found a shimmering altar of Xom.
  1889 | D:2      | Reached XP level 4. HP: 22/24 MP: 1/8
  2324 | D:2      | Killed from afar by an adder

Action                   |  1- 3 |  4- 6 || total
-------------------------+-------+-------++-------
Melee: Unarmed           |    66 |       ||    66
       Spear             |    25 |    37 ||    62
 Cast: Flame Tongue      |    37 |     8 ||    45
       Conjure Flame     |     2 |       ||     2
       Throw Flame       |     1 |     6 ||     7
  Use: Scroll            |     3 |     1 ||     4
       Potion            |     1 |       ||     1
 Stab: Sleeping          |     4 |       ||     4
  Eat: Chunk             |    12 |     2 ||    14
